Map: Tours du crépuscule

Players

zidar

  • Race: Zerg Zerg
  • League: Gold
  • Spawn Location: 1:00

AranSIRE - Winner!

  • Race: Zerg Zerg
  • League: Gold
  • Spawn Location: 7:00

VOD

Have the link to the VOD?

Description

Time

  • Played on: June 26, 2016, 9:15 a.m.
  • Length: 9:12
Show
View Real Time Build Order
Export as new Build Order

zidar Zerg 

Build Orders: Pool First 

Get SALT Encoding   

  12  0:01  Drone  
  13  0:11  Extractor, Drone  
  13  0:20  Overlord  
  13  0:40  Spawning Pool  
  12  0:45  Drone  
  13  0:55  Overlord  
  13  1:27  Metabolic Boost  
  13  1:28  Queen  
  13  1:30  Zergling x4  
  17  1:34  Zergling x2  
  18  1:42  Zergling x2  
  19  1:52  Zergling x2  
  20  2:13  Hatchery  
  20  2:14  Zergling x2  
  20  2:15  Drone  
  21  2:36  Zergling x4  
  23  2:49  Zergling x6  
  26  3:02  Zergling x2  
  27  3:11  Queen  
  29  3:16  Zergling x2  
  29  3:18  Overlord  
  30  3:40  Zergling x10  
  30  3:52  Drone  
  30  3:54  Zergling x2  
  30  3:55  Zergling x4  
  24  4:24  Zergling x12  
  26  4:40  Zergling x4  
  28  4:52  Zergling x4  
  30  5:04  Zergling x2  
  30  5:05  Zergling x6  
  16  5:51  Zergling x2  
  16  5:52  Zergling x14  
  24  5:58  Zergling x2  
  25  6:09  Drone x2  
  27  6:32  Spine Crawler  
  26  6:35  Spine Crawler  
  19  6:49  Drone x2  
  13  7:22  Spine Crawler  
  12  7:43  Drone  
  12  7:44  Drone x3  
  16  7:54  Drone x2  
  16  7:56  Queen  
  20  8:15  Roach Warren, Drone  
  20  8:29  Drone x3  
  20  8:30  Drone  
  24  8:48  Extractor  
  23  8:50  Drone x5  
  23  8:54  Extractor  
Show
View Real Time Build Order
Export as new Build Order

AranSIRE Zerg - Winner!

Build Orders: Pool First 

Get SALT Encoding   

  12  0:12  Drone x2  
  14  0:30  Spawning Pool  
  14  0:32  Drone  
  14  0:40  Extractor  
  14  0:42  Drone  
  14  0:46  Overlord  
  14  1:19  Hatchery  
  14  1:24  Drone  
  14  1:25  Drone x2  
  16  1:37  Roach Warren  
  15  1:43  Drone  
  16  1:47  Drone  
  17  1:58  Drone  
  18  2:01  Spine Crawler  
  18  2:08  Drone  
  18  2:17  Queen  
  18  2:20  Drone  
  21  2:29  Overlord  
  21  2:34  Roach  
  23  2:42  Queen  
  25  2:48  Roach  
  27  2:57  Drone  
  27  2:58  Drone  
  29  3:01  Extractor  
  28  3:05  Roach  
  28  3:07  Roach  
  32  3:15  Roach  
  34  3:29  Roach  
  36  3:52  Overlord, Spine Crawler  
  35  4:10  Spine Crawler  
  35  4:13  Spine Crawler, Zergling x10  
  38  4:17  Baneling Nest  
  38  4:21  Zergling x6  
  38  4:22  Zergling x2  
  33  4:25  Zergling x2  
  26  4:50  Drone  
  26  4:51  Drone x4  
  28  5:00  Baneling x2  
  28  5:01  Baneling x5  
  28  5:04  Baneling  
  28  5:11  Drone  
  29  5:25  Lair  
  27  5:30  Roach Warren  
  27  5:33  Drone  
  25  5:47  Baneling  
  25  5:49  Zergling x4  
  27  5:50  Zergling x4  
  28  5:58  Zergling x2  
  28  5:59  Zergling x2  
  30  6:10  Baneling x6  
  30  6:11  Baneling  
  30  6:12  Baneling  
  30  6:15  Drone  
  31  6:22  Drone  
  32  6:31  Centrifical Hooks  
  30  6:49  Overseer  
  30  7:00  Baneling x3  
  30  7:01  Baneling  
  26  7:43  Zergling x14  
  26  7:44  Zergling x4  
  35  7:53  Metabolic Boost  
  35  7:58  Spire  
  34  8:15  Hatchery  
  33  8:20  Baneling x5  
  33  8:21  Baneling x6  
  33  8:22  Baneling  
  33  8:25  Drone x5  
  38  8:45  Overlord x2  
  38  8:53  Overlord  
Tags
 
Add a new tag
Caveats
  • Supply blocks, unpowered buildings, or Contaminate may cause inaccurate times.
  • Supply counts are checked every 10 seconds.